AoeStats
← [STT]STT2 Arandia

Arabia

510670907Analyzed
1v1 RM · 1d ago on Oct 2, 2026· 41m 52s· 2 players
Game mode
Random Map
Map size
Tiny (2 player)
Population
200
Speed
Normal
Resources
Standard
Victory
Conquest
Starting age
Dark Age
Ending age
Imperial Age
RankedLock teamsTeams togetherTeam positionsShared explorationLock speedFull tech treeHidden civsTurbo modeCheats
Victory
Defeat
🇺🇸 Sicilians · United States
975
+15
🇨🇴 Persians · Colombia
958
-15
[STT]STT2 Arandia
6:47 Loom
9:22 Feudal Age
9:59 Double-Bit Axe
15:49 Wheelbarrow
21:11 Castle Age
19:02 Horse Collar
19:21 Gold Mining
20:14 Forging
20:51 Bloodlines
21:11 Fletching
21:21 Padded Archer Armor
23:06 Iron Casting
23:29 Scale Barding Armor
24:06 Heavy Plow
26:32 Kamandaran
26:35 Crossbowman
28:12 Bow Saw
28:50 Bodkin Arrow
31:29 Thumb Ring
32:02 Ballistics
33:48 Wheelbarrow
34:03 Leather Archer Armor
34:09 Chain Barding Armor
39:11 Imperial Age
37:22 Light Cavalry
39:23 Husbandry
40:31 Blast Furnace
39:26 Cavalier
sociallyanxiouscoconut
9:52 Feudal Age
10:41 Double-Bit Axe
19:38 Castle Age
17:46 Horse Collar
20:26 Heavy Plow
21:57 Wheelbarrow
21:51 Pikeman
22:33 Scale Mail Armor
23:33 Fletching
24:22 Gold Mining
32:11 Imperial Age
30:05 Masonry
30:26 Bodkin Arrow
31:10 First Crusade
30:46 Loom
31:50 Bow Saw
32:02 Forging
33:03 Chain Mail Armor
33:06 Bracer
34:55 Plate Mail Armor
34:44 Halberdier
35:11 Gambesons
35:27 Squires
35:12 Arson
35:35 Murder Holes
37:40 Hand Cart
40:34 Arrowslits
42:56 Gold Shaft Mining
Connection lost

Rejoining the realm…

Still unreachable

The connection could not be restored.

Session expired

The server has moved on; the page needs a fresh start.